 Dungeon Crawl Stone Soup version 0.20-a0-850-ge5a7832 (webtiles) character file.

950 nikopol the Magician (level 7, 0/36 HPs)
             Began as a Deep Elf Fire Elementalist on Mar 10, 2017.
             Slain by a shadow imp (4 damage)
             ... while paralysed by Grinder
             ... in a sewer.
             The game lasted 00:27:17 (5779 turns).

nikopol the Magician (Deep Elf Fire Elementalist)   Turns: 5779, Time: 00:27:18

Health: 0/36       AC:  3    Str:  5    XL:     7   Next: 90%
Magic:  15/18      EV:  2    Int: 22    God:
Gold:   53         SH:  0    Dex: 15    Spells: 8/19 levels left

rFire    . . .     SeeInvis .   p - +4 whip
rCold    . . .     Gourm    .   a - +0 robe
rNeg     . . .     Faith    .   (no shield)
rPois    .         Spirit   .   q - +0 helmet
rElec    .         Reflect  .   (no cloak)
rCorr    .         Harm     .   (no gloves)
MR       .....                  (no boots)
Stlth    +++.......             (no amulet)
Regen    0.2/turn               (no ring)
MPRegen  0.2/turn               (no ring)

@: paralysed
A: no striking features
a: no special abilities


You were in a sewer.
You were hungry.

You visited 1 branch of the dungeon, and saw 5 of its levels.
You also visited: Sewer.

You collected 53 gold pieces.

Inventory:

Hand Weapons
 g - a +1 dagger of venom
 h - a +0 dagger
 p - a +4 whip (weapon)
Armour
 a - a +0 robe (worn)
 q - a +0 helmet (worn)
Magical Staves
 m - an uncursed staff of summoning
Wands
 i - a wand of random effects (25/48)
Scrolls
 d - a scroll of magic mapping
 e - 4 scrolls of identify {unknown}
 l - 3 scrolls of teleportation {unknown}
 u - a scroll of random uselessness {unknown}
 x - a scroll of remove curse {unknown}
Potions
 j - a potion of ambrosia {unknown}
 n - 4 potions of heal wounds {unknown}
 o - a potion of lignification {unknown}
 r - 2 potions of magic {unknown}
 s - 5 potions of curing
 t - a potion of haste
 v - a potion of berserk rage {unknown}
 w - a potion of brilliance {unknown}
Books
 b - a book of Flames

   Spells                             Type                      Level
   a - Flame Tongue                   Conjuration/Fire             1
   b - Throw Flame                    Conjuration/Fire             2
   c - Conjure Flame                  Conjuration/Fire             3
   d - Inner Flame                    Hexes/Fire                   3
   e - Sticky Flame                   Conjuration/Fire             4
   f - Fireball                       Conjuration/Fire             5
Comestibles
 c - 3 bread rations
 f - 3 meat rations
 k - 2 royal jellies


   Skills:
 + Level 5.7 Dodging
 - Level 4.1 Stealth
 + Level 6.5 Spellcasting
 + Level 4.5 Conjurations
 + Level 5.7 Fire Magic


You had 8 spell levels left.
You knew the following spells:

 Your Spells              Type           Power        Failure   Level  Hunger
a - Flame Tongue          Conj/Fire      ####.        1%          1    None
b - Throw Flame           Conj/Fire      ####..       1%          2    None
c - Conjure Flame         Conj/Fire      ####....     3%          3    #......
d - Fireball              Conj/Fire      ####......   34%         5    #####..


Dungeon Overview and Level Annotations

Branches:
Dungeon (5/15)             Temple (0/1) D:5

Altars:
Cheibriados
Fedhas
Nemelex Xobeh
Qazlal
Ru
Wu Jian

Annotations:
Sewer Grinder


Message History

Aiming: Throw Flame
Press: ? - help, Shift-Dir - straight line, f - Grinder
Aim: Grinder The puff of flame hits the shadow imp.
The shadow imp is severely wounded.
Grinder blinks!
Grinder gestures at you. Pain shoots through your body!
Grinder says, "What is the universe for?"
Grinder gestures at you.
You suddenly lose the ability to move!
Grinder says, "You look like you could use a good racking."
The shadow imp gestures at you. Pain shoots through your body!
* * * LOW HITPOINT WARNING * * *
Grinder gestures at you. Pain shoots through your body!
* * * LOW HITPOINT WARNING * * *
The shadow imp hits you.
You die...

≈≈≈≈≈≈≈≈≈≈.'..≈###(..##
≈≈≈≈≈≈≈≈≈≈.#.≈≈##.....#
≈≈≈≈≈≈≈≈≈≈≈.#.≈≈##.≈§≈.#
≈≈≈≈≈≈≈≈≈≈≈.#.≈≈# .....#
≈≈≈≈≈≈≈≈≈≈..#.≈≈# #'''#
≈≈≈≈≈≈≈≈≈...#.≈≈###...##
≈#≈≈###≈#.####.###..§..##
........).≈≈#...#5....§.+
≈≈≈≈≈≈≈≈.≈≈≈≈≈.(@5§._...+
.......)≈.≈≈#(..#.....§.+
##≈##≈###.####.###..§..##
≈≈≈≈≈≈≈≈≈...#.≈≈###...##
≈≈≈≈≈≈≈≈≈≈..#.≈≈# #+++#
≈≈≈≈≈≈≈≈≈≈≈.#.≈≈#
≈≈≈≈≈≈≈≈≈≈..#..≈#
≈≈≈≈≈≈≈≈≈≈..#.≈≈#
≈≈≈≈≈≈≈≈≈≈≈.+..≈#


You could see Grinder and a shadow imp.

Vanquished Creatures
  Sigmund (D:4)
  Eustachio (D:4)
  A phantom (D:4)
  Blork the orc (D:4)
  A big kobold (Sewer)
  An orc priest (D:4)
  A hound (D:4)
  An iguana (D:4)
  An orc wizard (D:3)
  A big kobold zombie (Sewer)
  A hound skeleton (D:4)
  Robin (D:3)
  19 adders
  An ufetubus (Sewer)
  7 oozes
  5 worms
  A dart slug (D:2)
  2 leopard geckos
  6 orcs
  6 giant cockroaches
  5 hobgoblins
  5 jackals
  12 kobolds
  A quokka (D:2)
  6 bats
  4 frilled lizards
  13 goblins
  A kobold zombie (Sewer)
  A leopard gecko skeleton (D:4)
  7 rats
114 creatures vanquished.

Vanquished Creatures (others)
  A kobold zombie (Sewer)
1 creature vanquished.

Grand Total: 115 creatures vanquished

Notes
Turn   | Place    | Note
-------+----------+-------------------------------------------
     0 | D:1      | nikopol the Deep Elf Fire Elementalist began the quest for the Orb.
     0 | D:1      | Reached XP level 1. HP: 10/10 MP: 6/6
   447 | D:1      | Reached XP level 2. HP: 15/15 MP: 4/8
   900 | D:1      | Learned a level 2 spell: Throw Flame
  1018 | D:2      | Reached XP level 3. HP: 19/19 MP: 4/9
  1641 | D:2      | Reached XP level 4. HP: 24/24 MP: 8/11
  1704 | D:2      | Found a blossoming altar of Fedhas.
  1705 | D:2      | Found a snail-covered altar of Cheibriados.
  2199 | D:3      | Noticed Robin
  2530 | D:3      | Reached skill level 4 in Spellcasting
  2534 | D:3      | Reached XP level 5. HP: 24/28 MP: 1/13
  2962 | D:3      | Learned a level 3 spell: Conjure Flame
  2968 | D:3      | Learned a level 5 spell: Fireball
  3058 | D:3      | Killed Robin
  3268 | D:3      | Found a sparkling altar of Nemelex Xobeh.
  3531 | D:4      | Noticed Eustachio
  3779 | D:4      | Reached XP level 6. HP: 30/32 MP: 11/15
  3835 | D:4      | Noticed Sigmund
  3972 | D:4      | Killed Eustachio
  3972 | D:4      | Reached skill level 5 in Spellcasting
  4415 | D:4      | Reached skill level 5 in Fire Magic
  4415 | D:4      | Reached XP level 7. HP: 36/36 MP: 8/17
  4431 | D:4      | Found an ornate altar of the Wu Jian Council.
  4464 | D:4      | Noticed Blork the orc
  4467 | D:4      | Killed Blork the orc
  4467 | D:4      | Reached skill level 5 in Dodging
  4577 | D:4      | Found a sacrificial altar of Ru.
  4635 | D:4      | Found a stormy altar of Qazlal.
  4780 | D:4      | Killed Sigmund
  4780 | D:4      | Reached skill level 6 in Spellcasting
  5132 | D:5      | Entered Level 5 of the Dungeon
  5174 | D:5      | Found a glowing drain.
  5211 | Sewer    | Entered a sewer
  5660 | Sewer    | Found a burning altar of Makhleb.
  5770 | Sewer    | Noticed Grinder
  5775 | Sewer    | Paralysed by Grinder for 5 turns
  5779 | Sewer    | Slain by a shadow imp

Vault maps used:
D:1:      dpeg_arrival_shrine, kennysheep_decorative_pillar
D:2:      grunt_temple_overflow_open, first_bread
D:3:      lemuel_coloured_pillars_altar, st_stairs_7, kennysheep_generic_room_9,
          uniq_robin
D:4:      lemuel_round_altar, nicolae_overflow_hidden_temple, uniq_eustachio,
          uniq_blork_the_orc, uniq_sigmund
D:5:      kennysheep_mini_moat, minmay_temple_entry_mist, gup_sewer_entry_glass,
          minmay_crystal_water, lemuel_tele_altar
Sewer:    kennysheep_sewer_church

Skill      XL: |  1  2  3  4  5  6  7 |
---------------+----------------------+-----
Dodging        | 3 4 5 |  5.7
Stealth        | 3 4 |  4.1
Conjurations   | 2 3 4 |  4.5
Fire Magic     | 4 5 |  5.7
Spellcasting   | 4 5 6 |  6.5

Action                   |  1- 3 |  4- 6 |  7- 9 || total
-------------------------+-------+-------+-------++-------
Melee: Dagger            |    29 |       |       ||    29
 Cast: Flame Tongue      |    52 |   122 |    52 ||   226
       Throw Flame       |       |    27 |    27 ||    54
       Conjure Flame     |       |     2 |     2 ||     4
  Use: Potion            |     3 |       |       ||     3
       Scroll            |       |       |     1 ||     1
 Stab: Sleeping          |     1 |       |       ||     1
  Eat: Chunk             |     2 |     7 |     5 ||    14
Armor: Robe              |     7 |    13 |     2 ||    22
Dodge: Dodged            |    34 |    54 |    22 ||   110
